Map: Eternal Empire LE

Players

RiSky - Winner!

  • Race: Zerg Zerg
  • Spawn Location: 1:00

RazerBlader

  • Race: Terran Terran
  • Spawn Location: 7:00

Event: IEM Katowice 2020

VOD

Have the link to the VOD?

Description

Time

  • Played on: Feb. 25, 2020, 5:09 a.m.
  • Length: 11:57

All games in this series

Show
View Real Time Build Order
Export as new Build Order

RiSky Zerg - Winner!

Build Orders: Hatch First 

Get SALT Encoding   

  12  0:00  Drone  
  13  0:12  Overlord  
  13  0:17  Drone  
  14  0:31  Drone x2  
  16  0:48  Hatchery  
  15  0:52  Drone  
  15  0:56  Drone  
  17  1:00  Drone  
  18  1:10  Extractor  
  17  1:15  Spawning Pool  
  17  1:18  Drone  
  17  1:22  Drone  
  18  1:28  Drone  
  19  1:38  Drone  
  20  1:49  Overlord  
  20  2:01  Queen x2  
  20  2:02  Zergling x4  
  26  2:14  Drone x2  
  28  2:21  Drone  
  28  2:22  Drone  
  30  2:34  Extractor  
  30  2:39  Hatchery  
  30  2:41  Metabolic Boost  
  29  2:44  Drone  
  30  2:51  Queen  
  30  2:54  Overlord  
  32  2:58  Drone  
  32  3:00  Drone  
  32  3:03  Drone  
  32  3:05  Drone  
  36  3:10  Pneumatized Carapace  
  36  3:15  Drone  
  36  3:16  Drone  
  36  3:17  Drone  
  36  3:19  Drone  
  40  3:22  Overlord  
  40  3:26  Drone  
  42  3:27  Drone  
  42  3:29  Drone  
  42  3:33  Drone  
  44  3:40  Queen  
  46  3:42  Drone  
  46  3:47  Drone  
  48  3:51  Zergling x2  
  48  3:52  Drone  
  48  3:53  Drone  
  48  3:54  Queen  
  53  3:55  Overlord  
  53  3:58  Drone  
  53  4:00  Queen  
  56  4:03  Drone  
  56  4:05  Drone  
  58  4:13  Overlord  
  58  4:14  Drone x4  
  58  4:15  Drone  
  63  4:18  Drone  
  64  4:24  Zergling x4  
  64  4:27  Lair  
  64  4:31  Baneling Nest  
  65  4:32  Queen  
  65  4:35  Drone x3  
  65  4:37  Spore Crawler  
  69  4:39  Zergling x2  
  70  4:46  Zergling x4  
  70  4:47  Drone  
  70  4:50  Drone  
  70  4:52  Overlord  
  74  4:53  Overlord  
  74  4:58  Overlord  
  74  4:59  Spore Crawler  
  73  5:00  Drone  
  73  5:05  Overlord  
  74  5:07  Overlord  
  74  5:09  Overlord  
  74  5:11  Zergling x4  
  76  5:16  Drone x2  
  76  5:19  Drone x2  
  76  5:21  Extractor x2  
  79  5:23  Drone x2  
  79  5:25  Centrifical Hooks  
  79  5:27  Drone x2  
  79  5:28  Evolution Chamber, Drone  
  81  5:29  Evolution Chamber, Extractor  
  81  5:31  Drone  
  80  5:36  Drone  
  80  5:38  Drone  
  80  5:39  Drone  
  80  5:40  Hatchery, Drone  
  80  5:41  Drone  
  83  5:45  Drone  
  83  5:47  Drone x2  
  86  5:52  Drone x2  
  86  5:54  Overlord  
  86  5:56  Overlord  
  88  6:01  Overlord  
  88  6:02  Zergling x10  
  93  6:05  Baneling  
  93  6:07  Zerg Ground Armor Level 1  
  93  6:08  Drone  
  94  6:13  Zergling x4  
  94  6:14  Overlord  
  94  6:16  Zergling x4  
  94  6:18  Zerg Melee Weapons Level 1  
  98  6:22  Zergling x4  
  98  6:25  Zergling x4  
  102  6:28  Baneling x4  
  102  6:32  Zergling x6, Hatchery  
  104  6:35  Overseer  
  104  6:37  Zergling x6  
  107  6:42  Zergling x6  
  107  6:46  Baneling x6  
  109  6:48  Zergling x8  
  109  6:54  Zergling x4  
  115  6:56  Zergling x2  
  115  6:57  Zergling x6  
  115  7:00  Zergling x2  
  120  7:03  Overlord  
  120  7:04  Drone  
  120  7:06  Zergling x8  
  120  7:08  Baneling x9  
  125  7:10  Zergling x2  
  125  7:14  Zergling x2  
  126  7:18  Zergling x2  
  126  7:19  Zergling x2  
  112  7:25  Zergling x4  
  112  7:26  Zergling x8  
  110  7:31  Zergling x2  
  110  7:32  Queen x2  
  110  7:34  Zergling x2  
  110  7:35  Zergling x4  
  110  7:36  Zergling x4  
  112  7:48  Hatchery  
  104  7:52  Drone x11  
  104  7:53  Overseer  
  104  7:55  Infestation Pit  
  104  7:56  Drone x2  
  104  7:58  Drone  
  110  8:06  Drone x2  
  110  8:07  Drone x3  
  110  8:09  Zergling x10  
  120  8:14  Hatchery  
  120  8:15  Zergling x2  
  120  8:18  Zergling x2  
  121  8:22  Zerg Ground Armor Level 2, Zerg Melee Weapons Level 2  
  122  8:27  Zergling x10  
  122  8:33  Zergling x8  
  130  8:35  Baneling x11  
  130  8:38  Zergling x6  
  130  8:40  Zergling x4  
  130  8:41  Zergling x4  
  137  8:43  Baneling x7  
  137  8:44  Zergling x2  
  137  8:45  Zergling x2  
  137  8:46  Zergling x2  
  140  8:50  Zergling x2  
  140  8:51  Zergling x10  
  140  8:54  Zergling x4  
  142  8:57  Zergling x2  
  142  8:59  Zergling x4  
  144  9:04  Zergling x6  
  144  9:09  Zergling x10  
  144  9:12  Zergling x4  
  139  9:17  Zergling x4  
  139  9:18  Zergling x2  
  137  9:25  Zergling x8  
  137  9:28  Zergling x6  
  129  9:34  Zergling x6  
  129  9:36  Zergling x2, Hive  
  129  9:37  Zergling x2  
  134  9:41  Zergling x10  
  139  9:46  Zergling x8  
  139  9:49  Zergling x4  
  139  9:51  Baneling  
  145  9:53  Zergling x10  
  145  9:55  Zergling x2  
  145  9:58  Zergling x6  
  154  10:03  Zergling x6  
  154  10:06  Hatchery, Overseer  
  154  10:09  Zergling x14  
  160  10:15  Zergling x6  
  147  10:22  Drone x2  
  147  10:23  Drone  
  147  10:25  Drone x2  
  147  10:31  Drone x2  
  147  10:34  Drone x8  
  151  10:42  Zergling x12  
  152  10:45  Zergling x2  
  152  10:46  Zergling x12  
  152  10:47  Baneling x13  
  152  10:49  Zergling x8  
  163  10:53  Zergling x8  
  163  10:56  Zergling x2  
  161  10:59  Overlord  
  161  11:00  Ultralisk Cavern  
  158  11:05  Overlord  
  158  11:06  Overseer  
  158  11:13  Zergling x16  
  158  11:17  Zergling x6  
  169  11:19  Overlord x3  
  169  11:21  Unknown  
  169  11:25  Overlord  
  168  11:27  Baneling x6  
  168  11:29  Zergling x14  
  168  11:32  Zergling x2  
  176  11:34  Baneling x5  
  176  11:36  Zergling x10  
Show
View Real Time Build Order
Export as new Build Order

RazerBlader Terran 

Build Orders: Liberator Opening, Reaper Expand 

Get SALT Encoding   

  12  0:00  SCV  
  13  0:13  SCV  
  14  0:17  Supply Depot  
  14  0:25  SCV  
  15  0:38  SCV  
  15  0:40  Barracks  
  16  0:44  Refinery  
  16  0:50  SCV  
  17  1:03  SCV  
  18  1:15  SCV  
  19  1:27  Reaper  
  19  1:28  Orbital Command  
  20  1:40  Command Center  
  20  1:49  Supply Depot  
  20  1:53  SCV  
  21  1:59  Marine  
  22  2:05  SCV  
  23  2:12  Factory  
  23  2:16  Refinery  
  23  2:18  SCV  
  23  2:21  Barracks Reactor  
  24  2:30  SCV  
  25  2:42  SCV  
  26  2:54  SCV  
  27  2:59  Orbital Command  
  27  3:00  Starport  
  27  3:06  SCV, Hellion x2, Barracks Tech Lab  
  32  3:17  Supply Depot  
  32  3:18  SCV  
  33  3:25  SCV  
  34  3:28  Hellion x2  
  34  3:30  SCV  
  39  3:36  Liberator  
  39  3:37  SCV  
  43  3:42  SCV  
  44  3:49  SCV, Supply Depot  
  44  3:53  Hellion x2  
  44  3:54  SCV  
  50  3:58  Stimpack  
  50  4:01  SCV  
  50  4:02  Marine  
  52  4:06  SCV  
  53  4:14  SCV  
  54  4:19  SCV  
  55  4:26  SCV  
  55  4:28  Command Center  
  55  4:31  SCV  
  57  4:32  Factory Tech Lab  
  57  4:33  Starport Reactor  
  57  4:34  Supply Depot  
  57  4:38  SCV  
  58  4:43  SCV  
  59  4:47  Barracks  
  59  4:50  SCV, Engineering Bay, Barracks  
  59  4:51  Engineering Bay  
  60  4:54  Marine  
  60  4:55  SCV  
  60  4:58  Siege Tank  
  65  5:02  SCV  
  66  5:10  SCV  
  66  5:12  Marine  
  68  5:15  SCV  
  68  5:17  Refinery  
  68  5:18  Terran Infantry Weapons Level 1, Refinery, Terran Infantry Armor Level 1  
  66  5:22  SCV  
  66  5:27  SCV  
  68  5:29  Marine  
  68  5:35  Starport Reactor  
  69  5:36  Supply Depot  
  69  5:40  Marine x2, Siege Tank  
  69  5:42  SCV, Orbital Command  
  75  5:44  SCV  
  75  5:47  Marine x3  
  75  5:48  Combat Shield  
  79  5:55  SCV  
  79  5:56  SCV  
  81  5:58  Marine x2  
  83  6:04  Marine  
  83  6:05  Supply Depot, Marine x2, Barracks x2  
  86  6:16  Medivac x2, Marine  
  86  6:17  Marine  
  86  6:18  Orbital Command  
  90  6:20  SCV  
  90  6:24  Marine x3  
  94  6:27  Siege Tank  
  94  6:28  SCV  
  94  6:30  Supply Depot  
  98  6:33  SCV  
  99  6:40  SCV  
  99  6:42  Supply Depot, Refinery  
  99  6:45  SCV, Armory, Marine x2  
  103  6:53  SCV  
  104  6:55  Marine x2  
  104  6:56  Barracks Reactor  
  104  6:57  Barracks Reactor  
  104  7:00  SCV x2  
  104  7:01  Siege Tank  
  111  7:06  Medivac  
  111  7:07  Supply Depot, Marine  
  114  7:21  Marine x4  
  108  7:25  Marine  
  103  7:33  Marine, Siege Tank  
  103  7:34  Marine  
  95  7:37  Marine x2  
  95  7:39  Medivac x2, Marine x4  
  100  7:46  Marine  
  90  7:51  SCV, Marine x2  
  90  7:55  Marine x2  
  90  7:56  Marine  
  90  7:57  Marine  
  90  7:58  Marine x2  
  96  8:02  SCV  
  97  8:05  SCV  
  97  8:06  SCV, Marine  
  97  8:09  Marine  
  101  8:16  Terran Infantry Weapons Level 2  
  101  8:17  Terran Infantry Armor Level 2  
  101  8:19  SCV  
  102  8:24  SCV x2, Marine  
  102  8:25  Marine x4  
  109  8:30  Siege Tank  
  109  8:31  Marine x2  
  109  8:32  SCV, Medivac  
  117  8:34  Marine  
  117  8:35  Orbital Command, Marine  
  117  8:39  Medivac  
  121  8:42  Marine x2  
  121  8:43  Marine x2  
  121  8:44  Marine  
  119  8:49  Marine  
  115  8:56  Marine  
  115  8:57  Marine x2  
  115  9:00  Marine x2  
  120  9:03  Medivac  
  120  9:06  Marine  
  120  9:07  Marine x2  
  120  9:09  Marine  
  122  9:13  SCV  
  122  9:14  Marine x2  
  122  9:15  Marine, Siege Tank  
  124  9:18  Marine  
  124  9:24  SCV x2, Marine  
  124  9:25  Marine  
  124  9:27  Marine  
  124  9:31  Marine x2  
  115  9:32  Marine x2  
  115  9:34  SCV  
  115  9:36  SCV x2, Command Center  
  115  9:38  Medivac  
  124  9:40  Marine  
  124  9:41  Marine  
  126  9:47  Medivac  
  126  9:50  Marine x2  
  126  9:51  SCV x2  
  132  9:54  SCV  
  132  9:57  Supply Depot  
  133  10:10  Marine x2, Factory  
  133  10:11  Supply Depot  
  134  10:15  Marine x3  
  134  10:16  Marine  
  134  10:18  Marine  
  134  10:19  Marine  
  134  10:21  Marine  
  130  10:28  Marine x2  
  127  10:32  SCV  
  127  10:33  SCV, Marine x4  
  131  10:36  Marine  
  131  10:37  Marine  
  131  10:39  Marine  
  131  10:42  SCV  
  129  10:44  SCV  
  129  10:45  Marine  
  129  10:49  Siege Tank  
  131  10:51  Marine  
  131  10:55  Marine  
  131  10:56  Marine x2  
  129  11:01  Medivac  
  130  11:06  Marine x3  
  130  11:09  Factory Reactor  
  133  11:11  Bunker  
  133  11:16  Marine x3  
  136  11:22  Supply Depot  
  136  11:23  Marine  
  137  11:26  Supply Depot  
  137  11:30  Marine x3  
  140  11:33  Marine x2  

Tags
 
Add a new tag
Caveats
  • Supply blocks, unpowered buildings, or Contaminate may cause inaccurate times.
  • Supply counts are checked every 10 seconds.